 Dungeon Crawl Stone Soup version 0.30-a0-920-g7493c07aab (webtiles) character file.

Game seed: 3167625728259010725

562 MachoJfn the Chopper (level 7, -5/52 HPs)
             Began as a Demonspawn Gladiator on Mar 21, 2023.
             Was a Believer of Fedhas.
             Slain by a small abomination (17 damage)
             ... on level 5 of the Dungeon.
             The game lasted 00:15:34 (3752 turns).

MachoJfn the Chopper (Demonspawn Gladiator)         Turns: 3752, Time: 00:15:34

Health: -5/52      AC:  6    Str: 15    XL:     7   Next: 10%
Magic:  5/7        EV: 12    Int: 11    God:    Fedhas [**....]
Gold:   243        SH:  4    Dex: 14    Spells: 5/6 levels left

rFire   . . .      SeeInvis +    o - +2 hand axe (freeze)
rCold   . . .      Faith    .    (no shield)
rNeg    . . .      Spirit   .    t - +0 leather armour
rPois   .          Reflect  .    c - +2 helmet
rElec   .          Rampage  .    (no cloak)
rCorr   .                        (no gloves)
Will    .....                    (no boots)
Stlth   +                        (no amulet)
HPRegen 0.28/turn                p - ring of see invisible
MPRegen 0.10/turn                h - ring of wizardry

@: no status effects
A: powered by death 1, condensation shield, demonic touch 2
a: Renounce Religion, Wall of Briars


You were on level 5 of the Dungeon.
You worshipped Fedhas.
Fedhas was pleased with you.
You visited 1 branch of the dungeon, and saw 5 of its levels.

You collected 243 gold pieces.

Inventory:

Hand Weapons
 o - a +2 hand axe of freezing (weapon)
 r - a +2 antimagic dagger
 v - a +0 short sword of electrocution
Missiles
 b - 48 stones (quivered)
 d - 3 throwing nets
 e - a javelin
 l - 5 poisoned darts
Armour
 c - a +2 helmet (worn)
 t - a +0 leather armour (worn)
Magical Staves
 s - a staff of poison
Jewellery
 h - a ring of wizardry (right hand)
 p - a ring of see invisible (left hand)
Wands
 a - a wand of iceblast (5)
Scrolls
 n - 2 scrolls of poison
Potions
 g - a potion of resistance
 q - a potion of heal wounds {unknown}
 w - a potion of flight
 x - a potion of lignification {unknown}


   Skills:
 + Level 3.1 Fighting
 + Level 5.4 Axes
 + Level 2.1 Throwing
 + Level 2.8 Armour
 + Level 3.5 Dodging
 + Level 0.9 Stealth
 + Level 1.1 Shields


You had 5 spell levels left.
You knew the following spells:

 Your Spells              Type           Power      Damage    Failure   Level
a - Necrotise             Necr           0%         1d4       17%         1

Your spell library contained the following spells:

 Spells                   Type           Power      Damage    Failure   Level
 Apportation              Tloc           0%         N/A       17%         1
 Beastly Appendage        Tmut           0%         N/A       17%         1
 Summon Small Mammal      Summ           0%         N/A       17%         1
 Ensorcelled Hibernation  Hex/Ice        0%         N/A       26%         2
 Wereblood                Tmut           0%         N/A       26%         2
 Portal Projectile        Hex/Tloc       0%         N/A       45%         3
 Spider Form              Tmut/Pois      0%         N/A       45%         3
 Tukima's Dance           Hex            0%         N/A       45%         3
 Anguish                  Hex/Necr       0%         N/A       83%         4
 Blade Hands              Tmut           0%         N/A       99%         5


Dungeon Overview and Level Annotations

Branches:
Dungeon (5/15)
 Temple: D:4-7

Altars:
Fedhas
Makhleb

Portals:
Abyss: D:5

Annotations:
D:4 2 transporters, jejorda2's ghost, amateur MfBe
D:5 1 transporter, Darkkill's ghost, amateur MiHu


Innate Abilities, Weirdness & Mutations

You regenerate a little health from kills.
A meltable shield of frost defends you. (SH +4)
Your touch may inflict irresistible damage on your foes.


Message History

Throw: 50 stones
Press: ? - help, Q - select action, (/) - cycle Shift-Dir - straight line, f - small abomination
Aim: a small abomination (ally target, 60% to hit)
You throw a stone. Fedhas protects your plant from harm.
The stone hits the small abomination but does no damage.
The small abomination is struck by your briar patch's thorns.
The small abomination hits your briar patch but does no damage.
Throw: 49 stones
Press: ? - help, Q - select action, (/) - cycle Shift-Dir - straight line, f/p - small abomination
Aim: a small abomination (moderately damaged, ally target, 60% to hit)
You throw a stone. Fedhas protects your plant from harm.
The stone closely misses the small abomination.
The small abomination hits your briar patch!
Your briar patch is destroyed!
Your briar patch disappears in a puff of smoke!
You hit the small abomination but do no damage.
The small abomination is moderately damaged.
The small abomination barely misses you.
You hit the small abomination but do no damage.
The small abomination is moderately damaged.
The small abomination closely misses you.
You hit the small abomination but do no damage.
Your touch misses the small abomination.
The small abomination is moderately damaged.
You block the small abomination's attack.
The small abomination hits you!
You hit the small abomination but do no damage.
You touch the small abomination!
The small abomination is severely damaged.
The small abomination hits you!
You barely miss the small abomination.
The small abomination is severely damaged.
The small abomination hits you!
* * * LOW HITPOINT WARNING * * *
The small abomination misses you.
You feel better. The small abomination hits you!
You die...
Fedhas appreciates your contribution to the ecosystem.

##.#.......###..###...##
##.#........##...####..#####
...'.......................#
##.#.......................#
##.#........###..###.......#
##.####....##.####©##.###..#
##'####....#..!##...###.#..#
#........©#..#PP###..#.#..#
###......##...P@P#.##.##..######
+.....##.#####x#$## #.........
#.....##...#.##.#..##....####.
####...##.##..#©.∩##....#.#
#....###..##..$#©....#.#
####.........###..#.....#.#
............###...###...#.#
####....#####....## #.....#
#!...#####?.###..x##....#


You could see a small abomination (ally target).

Vanquished Creatures
  A black bear (D:5)
  An ogre (D:5)
  A phantom (D:4)
  A howler monkey (D:5)
  A hound (D:4)
  3 orc priests
  6 adders
  3 gnolls (D:5)
  A shadow imp (D:4)
  2 worms
  2 dart slugs
  6 orcs
  3 bats
  4 endoplasms
  A giant cockroach (D:3)
  4 goblins
  3 hobgoblins
  2 jackals (D:1)
  9 kobolds
  3 quokkas
  6 ball pythons
  2 frilled lizards (D:3)
  5 rats
70 creatures vanquished.

Vanquished Creatures (others)
  A sleepcap (D:5)
1 creature vanquished.

Grand Total: 71 creatures vanquished

Notes
Turn   | Place    | Note
-------+----------+-------------------------------------------
     0 | D:1      | MachoJfn the Demonspawn Gladiator began the quest for the
                  | Orb.
     0 | D:1      | Reached XP level 1. HP: 16/16 MP: 1/1
   181 | D:1      | Gained mutation: A meltable shield of frost defends you.
                  | (SH +4) [demonic ancestry]
   181 | D:1      | Reached XP level 2. HP: 22/22 MP: 2/2
   196 | D:1      | Reached skill level 3 in Axes
   827 | D:2      | Found a faded altar of an unknown god.
   837 | D:2      | Prayed at the altar of an unknown god.
   837 | D:2      | Became a worshipper of Fedhas Madash
   837 | D:2      | Reached * piety under Fedhas
   881 | D:2      | Gained mutation: Your touch may inflict minor irresistible
                  | damage on your foes. [demonic ancestry]
   881 | D:2      | Reached XP level 3. HP: 27/27 MP: 3/3
   907 | D:2      | Found a burning altar of Makhleb.
  2107 | D:3      | Reached skill level 1 in Armour
  2121 | D:3      | Gained mutation: Your touch may inflict irresistible damage
                  | on your foes. [demonic ancestry]
  2121 | D:3      | Reached XP level 4. HP: 28/33 MP: 4/4
  2343 | D:3      | Reached ** piety under Fedhas
  2635 | D:4      | Reached skill level 4 in Axes
  2635 | D:4      | Reached XP level 5. HP: 39/39 MP: 5/5
  2760 | D:4      | Noticed a phantom
  2768 | D:4      | Killed a phantom
  2769 | D:4      | Gained mutation: You regenerate a little health from kills.
                  | [demonic ancestry]
  2769 | D:4      | Reached XP level 6. HP: 24/46 MP: 6/6
  2851 | D:4      | Found a transporter.
  2853 | D:4      | Noticed jejorda2's ghost (amateur MfBe)
  2864 | D:4      | Found a transporter.
  3128 | D:4      | Learned a level 1 spell: Necrotise
  3270 | D:5      | Entered Level 5 of the Dungeon
  3284 | D:5      | Reached skill level 5 in Axes
  3284 | D:5      | Reached skill level 1 in Shields
  3524 | D:5      | Reached XP level 7. HP: 40/52 MP: 7/7
  3576 | D:5      | Found a transporter.
  3578 | D:5      | Noticed a small abomination
  3609 | D:5      | Found a one-way gate to the infinite horrors of the Abyss.
  3609 | D:5      | Found a transporter.
  3609 | D:5      | Noticed Darkkill's ghost (amateur MiHu)
  3752 | D:5      | Slain by a small abomination

Illustrated notes

Levels and vault maps discovered:
D:1:      sevenhm_arrival_forest_fort_large_2, layout_rooms, minmay_nonomino_d4
D:2:      layout_loops_corners, basic_ecumenical_altar, basic_altar
D:3:      layout_rooms
D:4:      layout_rooms, gammafunk_ghost_arena
D:5:      layout_basic, minmay_overflow_temple_star_quad,
          gammafunk_ghost_abyssal_escape, moated_statue, st_stairs_13,
          serial_bayou_lagoon_a

Skill      XL: |  1  2  3  4  5  6 |
---------------+-------------------+-----
Axes           | 3 4 5 |  5.4
Throwing       | 2 |  2.1
Dodging        | 3 |  3.5
Armour         | 1 2 |  2.8
Shields        | 1 |  1.1
Fighting       | 3 |  3.1
Stealth        | |  0.9

Action                     |  1- 3 |  4- 6 |  7- 9 || total
---------------------------+-------+-------+-------++-------
  Melee: War axe           |    60 |       |       ||    60
         Hand axe          |    34 |    77 |    11 ||   122
         Punch             |     1 |       |       ||     1
         Touch             |     2 |    11 |     4 ||    17
  Throw: Throwing net      |     1 |       |       ||     1
         Stone             |       |     3 |     2 ||     5
 Invoke: Wall of Briars    |       |       |     1 ||     1
    Use: Scroll            |     1 |     9 |       ||    10
         Potion            |     1 |     1 |     1 ||     3
   Stab: Sleeping          |     1 |       |       ||     1
 Armour: Leather armour    |    10 |    19 |     1 ||    30
         Scale mail        |    29 |       |       ||    29
  Dodge: Dodged            |    52 |    35 |     5 ||    92
  Block: Other             |    12 |    12 |     1 ||    25

Table legend: (Time is in decaauts)
 A = Elapsed time spent in this place.
 B = Non-inter-level travel time spent in this place.
 C = Inter-level travel time spent in this place.
 D = Time resting spent in this place.
 E = Time spent auto-exploring this place.
 F = Levels seen in this place.
 G = Mean time per level.
                   A        B        C        D        E       F      G
               +--------+--------+--------+--------+--------+-----+--------+
         Total |   3819 |   2441 |   1378 |    461 |   1335 |   5 |  763.8 |
       Dungeon |   3819 |   2441 |   1378 |    461 |   1335 |   5 |  763.8 |
               +--------+--------+--------+--------+--------+-----+--------+

Top non-repeatable levels by time:
     D:2: 1421 daAuts
     D:1: 695 daAuts
     D:4: 641 daAuts
     D:3: 540 daAuts
     D:5: 520 daAuts
